 Dungeon Crawl Stone Soup version 0.20.0-15-g7f486f2 (webtiles) character file.

1459 Galewin the Cleaver (level 8, -2/60 HPs)
             Began as a Barachi Berserker on June 20, 2017.
             Was an Elder of Trog.
             Killed from afar by an electric eel (10 damage)
             ... with a bolt of electricity
             ... on level 6 of the Dungeon.
             The game lasted 00:14:39 (3817 turns).

Galewin the Cleaver (Barachi Berserker)             Turns: 3817, Time: 00:14:39

Health: -2/60      AC:  6    Str: 21    XL:     8   Next: 76%
Magic:  8/8        EV: 10    Int:  7    God:    Trog [****..]
Gold:   203        SH:  5    Dex: 12    Spells: 7/7 levels left

rFire    . . .     SeeInvis .   t - +0 war axe
rCold    . . .     Gourm    .   o - +0 buckler
rNeg     . . .     Faith    .   f - +0 scale mail
rPois    .         Spirit   .   (no helmet)
rElec    .         Reflect  .   (no cloak)
rCorr    .         Harm     .   (no gloves)
MR       .....                  (no boots)
Stlth    ..........             (no amulet)
Regen    0.2/turn               (no ring)
MPRegen  0.2/turn               (no ring)

@: slow
A: +LOS, swims, slowness 1, strong legs 1
a: Hop, Berserk, Trog's Hand, Brothers in Arms, Burn Spellbooks, Renounce
Religion


You were on level 6 of the Dungeon.
You worshipped Trog.
Trog was greatly pleased with you.
You were not hungry.

You visited 1 branch of the dungeon, and saw 6 of its levels.
You also visited: Sewer.

You collected 203 gold pieces.

Inventory:

Hand Weapons
 t - a +0 war axe (weapon)
Armour
 f - a +0 scale mail (worn)
 o - a +0 buckler (worn)
Jewellery
 m - an uncursed amulet of rage {unknown}
 v - an uncursed ring of poison resistance {unknown}
Wands
 l - a wand of flame (26/48)
Scrolls
 b - a scroll of blinking
 e - 2 scrolls of noise {unknown}
 j - a scroll of amnesia
 k - 2 scrolls of remove curse
 x - a scroll of enchant weapon {unknown}
 A - a scroll of identify
Potions
 d - 5 potions of flight {unknown}
 g - 2 potions of mutation {unknown}
 h - a potion of agility {unknown}
 i - a potion of brilliance {unknown}
 n - 2 potions of lignification {unknown}
 p - a potion of curing {unknown}
 q - a potion of ambrosia {unknown}
 s - a potion of resistance {unknown}
 u - a potion of degeneration {unknown}
 w - 4 potions of heal wounds {unknown}
 B - a potion of haste {unknown}
Books
 y - a book of Callings

   Spells                             Type                      Level
   a - Summon Small Mammal            Summoning                    1
   b - Call Imp                       Summoning                    2
   c - Call Canine Familiar           Summoning                    3
   d - Summon Guardian Golem          Hexes/Summoning              3
   e - Summon Lightning Spire         Summoning/Air                4
   f - Summon Ice Beast               Ice/Summoning                4
   Trog disapproves of the use of such an item.
Comestibles
 a - a meat ration
 c - 4 bread rations
 r - 2 royal jellies
 C - 3 fruits


   Skills:
 - Level 3.7 Fighting
 * Level 10.0 Axes
 - Level 2.5 Armour
 - Level 2.2 Dodging
 + Level 6.2 Shields


You had 7 spell levels left.
You didn't know any spells.

Dungeon Overview and Level Annotations

Branches:
Dungeon (6/15)
 Temple: D:4-7

Altars:
Cheibriados
Fedhas
Trog


Innate Abilities, Weirdness & Mutations

Shadows flee at your approach. (+LOS)
You can swim through water.
You cover ground slowly.
You can hop short distances.


Message History

There is a stone staircase leading up here.
All of the chunks of flesh in your inventory have rotted away.
An electric eel comes into view.
The electric eel shoots out a bolt of lightning at you!
The bolt of electricity hits you!
The electric eel shoots out a bolt of lightning at you!
The bolt of electricity hits you!
Found 15 gold pieces.
An electric eel comes into view.
The electric eel shoots out a bolt of lightning at you!
The bolt of electricity hits you!
Found a silvery potion.
The electric eel shoots out a bolt of lightning at you!
The bolt of electricity hits you!
The electric eel shoots out a bolt of lightning at you!
The bolt of electricity hits you!
* * * LOW HITPOINT WARNING * * *
The electric eel shoots out a bolt of lightning at you!
The bolt of electricity hits you!
You die...

#≈≈≈≈≈≈≈# #≈≈≈≈;≈≈#
#≈≈≈≈≈≈≈# ######
#≈≈≈≈≈≈≈#####≈≈≈≈≈≈
#≈≈≈≈≈;≈≈≈≈≈≈≈≈≈≈≈≈
#≈≈≈≈≈≈≈≈≈≈≈≈≈≈≈≈≈≈
#≈≈.≈≈≈.≈≈.≈≈≈≈≈≈≈≈
#..................
#.........@...$....
###.#######.#..!###
#........... ....
##.########... ..
#.# ..... #.# .....
#.# .... #.# ...#
#.# #.#


You could see 2 electric eels.

Vanquished Creatures
  Duvessa (D:5)
  2 ice beasts
  A phantom (D:5)
  3 ogres
  A big kobold (Sewer)
  Dowan (D:5)
  2 scorpions (D:4)
  A howler monkey (D:5)
  A crimson imp (D:4)
  A hound (D:5)
  A bullfrog skeleton (D:4)
  Jessica (D:2)
  2 iguanas (D:4)
  Natasha (thrice) (D:3)
  2 orc wizards
  2 worker ants (D:5)
  A hound skeleton (D:3)
  11 adders
  2 river rats (Sewer)
  A shadow imp (D:3)
  A worm (D:3)
  2 dart slugs
  3 leopard geckos
  9 orcs
  9 bats
  6 goblins
  8 hobgoblins
  8 jackals
  8 kobolds
  2 quokkas
  7 frilled lizards
  A quokka skeleton (D:4)
  5 rats
109 creatures vanquished.

Vanquished Creatures (others)
  3 orcs (D:5)
3 creatures vanquished.

Grand Total: 112 creatures vanquished

Notes
Turn   | Place    | Note
-------+----------+-------------------------------------------
     0 | D:1      | Galewin the Barachi Berserker began the quest for the Orb.
     0 | D:1      | Reached XP level 1. HP: 18/18 MP: 1/1
    77 | D:1      | Reached XP level 2. HP: 14/25 MP: 2/2
   210 | D:1      | Reached skill level 4 in Axes
   619 | D:2      | Noticed Jessica
   620 | D:2      | Reached XP level 3. HP: 30/30 MP: 3/3
   624 | D:2      | Killed Jessica
   687 | D:2      | Reached skill level 5 in Axes
   687 | D:2      | Reached XP level 4. HP: 34/37 MP: 4/4
   691 | D:2      | Reached skill level 1 in Shields
   966 | D:2      | Found a bloodstained altar of Trog.
   979 | D:2      | Found a snail-covered altar of Cheibriados.
  1116 | D:2      | Reached ** piety under Trog
  1342 | D:3      | Reached XP level 5. HP: 42/42 MP: 5/5
  1479 | D:3      | Noticed Natasha
  1493 | D:3      | Killed Natasha
  1532 | D:3      | Noticed Natasha
  1538 | D:3      | Reached skill level 6 in Axes
  1548 | D:3      | Killed Natasha
  1548 | D:3      | Reached XP level 6. HP: 38/48 MP: 6/6
  1590 | D:3      | Found a glowing drain.
  1603 | Sewer    | Entered a sewer
  1715 | Sewer    | Found a glowing silver altar of Zin.
  1753 | D:3      | Noticed Natasha
  1756 | D:3      | Killed Natasha
  1756 | D:3      | Reached *** piety under Trog
  1945 | D:3      | Reached skill level 7 in Axes
  2217 | D:4      | Reached XP level 7. HP: 47/53 MP: 7/7
  2352 | D:4      | Reached skill level 8 in Axes
  3112 | D:5      | Entered Level 5 of the Dungeon
  3122 | D:5      | Reached skill level 5 in Shields
  3122 | D:5      | Reached XP level 8. HP: 29/60 MP: 8/8
  3318 | D:5      | Noticed Dowan
  3318 | D:5      | Noticed Duvessa
  3329 | D:5      | Killed Duvessa
  3329 | D:5      | Reached skill level 9 in Axes
  3332 | D:5      | Killed Dowan
  3626 | D:5      | Reached **** piety under Trog
  3626 | D:5      | Reached skill level 10 in Axes
  3717 | D:5      | Found a blossoming altar of Fedhas.
  3817 | D:6      | Killed from afar by an electric eel

Skill      XL: |  1  2  3  4  5  6  7  8 |
---------------+-------------------------+-----
Axes           | 4 5 6 7 8 10 | 10.0
Shields        | 1 2 4 5 6 |  6.2
Fighting       | |  3.7
Armour         | |  2.5
Dodging        | |  2.2

Action                   |  1- 3 |  4- 6 |  7- 9 || total
-------------------------+-------+-------+-------++-------
Melee: Hand axe          |    68 |    11 |       ||    79
       War axe           |       |   183 |   139 ||   322
Invok: Berserk           |     1 |     4 |     6 ||    11
       Burn Spellbooks   |       |     1 |       ||     1
  Use: Scroll            |       |     9 |       ||     9
  Eat: Chunk             |       |    10 |     2 ||    12
       Meat ration       |       |       |     1 ||     1
       Bread ration      |       |       |     1 ||     1
Armor: Scale mail        |    48 |    91 |    35 ||   174
       Animal skin       |     2 |       |       ||     2
Dodge: Dodged            |    43 |   101 |    56 ||   200
Block: Buckler           |       |    44 |    32 ||    76
